 Dungeon Crawl Stone Soup version 0.27-a0-1456-gf5a116941d (webtiles) character file.

Game seed: 16556229260344477234

14 quinnr the Gusty (level 2, -1/15 HPs)
             Began as a Tengu Air Elementalist on July 5, 2021.
             Succumbed to an adder's poison
             ... on level 2 of the Dungeon.
             The game lasted 00:03:53 (1258 turns).

quinnr the Gusty (Tengu Air Elementalist)           Turns: 1258, Time: 00:03:54

Health: -1/15      AC:  2    Str:  8    XL:     2   Next: 45%
Magic:  1/6        EV: 12    Int: 15    God:
Gold:   38         SH:  0    Dex: 14    Spells: 4/5 levels left

rFire    . . .     SeeInvis .   c - staff of air
rCold    . . .     Faith    .   (no shield)
rNeg     . . .     Spirit   .   a - +0 robe
rPois    .         Reflect  .   (helmet restricted)
rElec    +         Harm     .   (no cloak)
rCorr    .         Rampage  .   (no gloves)
Will     .....                  (boots unavailable)
Stlth    ++........             (no amulet)
HPRegen  0.05/turn              (no ring)
MPRegen  0.10/turn              (no ring)

@: lethally poisoned (-1 -> -10), hasted, very quick
A: beak, talons 3
a: no special abilities


You were on level 2 of the Dungeon.
You visited 1 branch of the dungeon, and saw 2 of its levels.

You collected 38 gold pieces.

Inventory:

Armour
 a - a +0 robe (worn)
Magical Staves
 c - a staff of air (weapon)
Wands
 f - a wand of charming (5)
Scrolls
 b - a scroll of noise {unknown}
 d - a scroll of vulnerability {unknown}
 h - a scroll of blinking {unknown}
Potions
 g - a potion of haste


   Skills:
 - Level 2.1 Dodging
 - Level 2.0 Stealth
 - Level 2.0 Spellcasting
 - Level 1.3 Conjurations
 * Level 5.1 Air Magic


You had 4 spell levels left.
You knew the following spells:

 Your Spells              Type           Power      Damage    Failure   Level
a - Shock                 Conj/Air       64%        1d7       6%          1

Your spell library contained the following spells:

 Spells                   Type           Power      Damage    Failure   Level
 Static Discharge         Conj/Air       16%        N/A       9%          2
 Swiftness                Air            25%        N/A       9%          3
 Airstrike                Air            12%        N/A       26%         4


Dungeon Overview and Level Annotations

Branches:
Dungeon (2/15)

Altars:

Shops:
D:1 =


Innate Abilities, Weirdness & Mutations

You have a beak for a mouth.
You have claws for feet.


Message History

Press: ? - help, Shift-Dir - straight line, f/p - adder
Aim: an adder (severely wounded, 53% to hit)
You feel a surge of power!
The zap misses the adder.
The adder bites you.
You are poisoned.
The adder poisons you!
You feel sick. The adder bites you.
You feel sick.
It was a potion of haste.
You feel yourself speed up.
You feel sick. The adder bites you.
* * * LOW HITPOINT WARNING * * *
You are more poisoned.
The adder poisons you!
Unknown command.
It was a potion of heal wounds.
You feel much better.
You feel sick. The adder barely misses you.
Unknown command.
Casting: Shock (safe; 6% risk of failure)
Confirm with . or Enter, or press ? or * to list all spells.
You don't have enough magic to cast this spell.
Unknown command.
You feel sick.
You miss the adder.
The adder is severely wounded.
You feel sick. The adder bites you.
You closely miss the adder. Your kick misses the adder.
The adder is severely wounded.
You feel sick. The adder bites you.
You closely miss the adder.
The adder is severely wounded.
You feel sick. The adder bites you.
* * * LOW HITPOINT WARNING * * *
You are more poisoned.
The adder poisons you!
Unknown command.
Okay, then.
* * * LOW HITPOINT WARNING * * *
You feel sick.
* * * LOW HITPOINT WARNING * * *
You feel sick.
You die...

# #..# ......# # #..#
####.##..# ### #..#
#.......(# ..# #..#
#.##.##..# #.#
#..###.##.##..# #.#
#.<...........# #.#
#.####.##.##..#
#.#####.###.........#
..............S.@...#
.........##########.#
########.#..........#
# #.........#### .
###.#####.# #. . #.#
#. # #.# ## #.# #.#


You could see an adder.

Vanquished Creatures
  2 endoplasms (D:1)
  A giant cockroach (D:1)
  3 goblins (D:1)
  2 hobgoblins (D:1)
  A ball python (D:1)
  A bat (D:1)
  A kobold (D:1)
  2 rats (D:1)
13 creatures vanquished.

Notes
Turn   | Place    | Note
-------+----------+-------------------------------------------
     0 | D:1      | quinnr the Tengu Air Elementalist began the quest for the
                  | Orb.
     0 | D:1      | Reached XP level 1. HP: 10/10 MP: 4/4
   216 | D:1      | quinnr: magic??
   216 | D:1      | quinnr: magic??
   216 | D:1      | quinnr: ??magic
   216 | D:1      | beem: I don't have a page labeled magic in my learndb.
   216 | D:1      | quinnr: ??mana
   216 | D:1      | beem: mp[1/3]: Cast spells with this. MP = floor(min(23,
                  | XL) + skill + min(4, min(XL, skill) / 2)), where skill =
                  | max(Spellcasting, Invo/2). Basically, MP = XL + skill,
                  | except that the last 4 XL's mp points effectively get
                  | distributed over the first 8 XL, but only if you have
                  | matching quantities of skill.
   216 | D:1      | quinnr: ??mp[2
   216 | D:1      | beem: mp[2/3]: Mp aptitude gives a flat +aptitude mp to
                  | your base mp -- e.g. +1 aptitude = +1 total mp. +Mp
                  | mutations and racial mutations are added after XL and skill
                  | are calculated. +mp items are added last.
   216 | D:1      | quinnr: ??mp[3
   216 | D:1      | beem: mp[3/3]: You gain maxmp + 14 mp every 200 turns. Put
                  | another way, you gain 7/100ths of an mp plus 1/100th of an
                  | mp per 2 maxmp per turn. You reach 0.5 mp regenerated per
                  | turn at 86 maxmp.
   216 | D:1      | quinnr: ??spellcasting
   216 | D:1      | beem: spellcasting[1/1]: Gives you an extra spell slot for
                  | every half of a level in spellcasting. Raising your
                  | spellcasting also gives you more MP, and slightly boosts
                  | {spell success} and {spell power} for all spells.
   260 | D:1      | Found a faded altar of an unknown god.
   367 | D:1      | Reached XP level 2. HP: 15/15 MP: 4/6
   520 | D:1      | Reached skill level 5 in Air Magic
   581 | D:1      | Found Neafime's Jewellery Shop.
  1257 | D:2      | HP: 1/15 [poisoned by an adder]
  1258 | D:2      | Succumbed to an adder's poison

Illustrated notes

Levels and vault maps discovered:
D:1:      dpeg_arrival_tiny_h, layout_basic,
          shapermc_ecumenical_altar_notcrosses, serial_shops,
          nicolae_shop_statue_plus
D:2:      layout_loops_ring, serial_glass, glass_columns_b, glass_columns_b

Skill      XL: |  1  2 |
---------------+-------+-----
Air Magic      | 5 |  5.1
Dodging        | |  2.1
Stealth        | |  2.0
Spellcasting   | |  2.0
Conjurations   | |  1.3

Action                   || total
-------------------------++-------
Melee: Unarmed           ||     2
       Staff             ||     4
       Peck              ||     1
 Cast: Shock             ||    32
  Use: Potion            ||     2
Armor: Robe              ||     3
Dodge: Dodged            ||    15

Table legend: (Time is in decaauts)
 A = Elapsed time spent in this place.
 B = Non-inter-level travel time spent in this place.
 C = Inter-level travel time spent in this place.
 D = Time resting spent in this place.
 E = Time spent auto-exploring this place.
 F = Levels seen in this place.
 G = Mean time per level.
                   A        B        C        D        E       F      G
               +--------+--------+--------+--------+--------+-----+--------+
         Total |   1256 |   1250 |      6 |      0 |   1133 |   2 |  628.0 |
       Dungeon |   1256 |   1250 |      6 |      0 |   1133 |   2 |  628.0 |
               +--------+--------+--------+--------+--------+-----+--------+

Top non-repeatable levels by time:
     D:1: 1022 daAuts
     D:2: 233 daAuts
